 Dungeon Crawl Stone Soup version 0.30.0-29-ga12c61a403 (webtiles) character file.

Game seed: 736135549829521397

1157 qw the Cleaver (level 8, -1/51 HPs)
             Began as a Gargoyle Fighter on June 3, 2023.
             Slain by a gnoll
             ... wielding a +0 spear
              (2 damage)
             ... on level 4 of the Dungeon.
             The game lasted 00:03:08 (4687 turns).

qw the Cleaver (Gargoyle Fighter)                   Turns: 4687, Time: 00:03:09

Health: -1/51      AC: 17    Str: 22    XL:     8   Next: 39%
Magic:  0/8        EV: 10    Int:  9    God:
Gold:   207        SH:  4    Dex:  9    Spells: 7/7 levels left

rFire   + . .        Y - +0 war axe
rCold   . . .        c - +0 buckler
rNeg    + . .        f - +3 ring mail
rPois   inf          (no helmet)
rElec   +            (no cloak)
rCorr   .            (no gloves)
SInv    .            o - +2 pair of boots {Stlth+}
Will    .....        k - amulet of guardian spirit
Stlth   +            b - ring of protection from fire
HPRegen 0.28/turn    (no ring)
MPRegen 0.11/turn

%: guardian spirit
@: no status effects
A: sickness immunity, AC +5, negative energy resistance 1, electricity
resistance, torment resistance 1, petrification resistance
a: no special abilities


You were on level 4 of the Dungeon.
You visited 1 branch of the dungeon, and saw 4 of its levels.
You also visited: Ossuary.

You collected 259 gold pieces.
You spent 52 gold pieces at shops.


Innate Abilities, Weirdness & Mutations

You are immune to sickness and miasma.
Your stone body is resilient. (AC +5)
You are immune to poison.
You resist negative energy. (rN+)
You are resistant to electric shocks. (rElec)
You are resistant to unholy torment.
You are immune to petrification.


   Skills:
 + Level 5.7 Fighting
 - Level 8.0 Axes
 - Level 3.2 Armour
 - Level 1.4 Dodging
 - Level 3.2 Shields


You had 7 spell levels left.
You didn't know any spells.
Your spell library was empty.

Inventory:

Hand Weapons
 q - a +0 flail
 Y - a +0 war axe (weapon)
Armour
 c - a +0 buckler (worn)
 f - a +3 ring mail (worn)
 o - a +2 pair of boots of stealth (worn)
Jewellery
 b - a ring of protection from fire (left hand)
 k - an amulet of guardian spirit (around neck)
Scrolls
 j - a scroll of identify
 m - a scroll of enchant armour
Potions
 d - 2 potions of might
 e - a potion of lignification
 g - 3 potions of attraction
 i - a potion of cancellation
 l - 2 potions of curing

Dungeon Overview and Level Annotations

Branches:
Dungeon (4/15)            Ossuary (visited)
 Temple: D:4-7

Altars:
Dithmenos
Okawaru
Trog

Shops:
D:1 ?

Annotations:
D:4 3 runed translucent doors, exclusions: gnoll, 2 hounds and jackal, qw's ghost, novice GrFi


Message History

The gnoll hits you from afar with a +0 halberd.
The gnoll hits you but does no damage. The orc barely misses you.
The kobold brigand closely misses you.
You hit the kobold brigand.
The kobold brigand is severely wounded.
You hit the orc but do no damage.
The gnoll is no longer moving quickly.
You block the gnoll's attack.
The gnoll hits you from afar with a +0 spear!
The kobold brigand hits you but does no damage.
The orc barely misses you.
The gnoll hits you from afar with a +0 halberd.
You closely miss the kobold brigand.
The kobold brigand is severely wounded.
You hit the orc. The gnoll hits you but does no damage.
The kobold brigand hits you but does no damage.
The orc closely misses you. The gnoll completely misses you.
You hit the kobold brigand.
The kobold brigand is severely wounded.
You barely miss the orc. The gnoll closely misses you.
The orc hits you but does no damage. The kobold brigand closely misses you.
The gnoll hits you but does no damage. The gnoll closely misses you.
You barely miss the kobold brigand.
The kobold brigand is severely wounded.
You barely miss the orc. The kobold brigand barely misses you.
The orc hits you but does no damage. The gnoll barely misses you.
You block the gnoll's attack.
You hit the kobold brigand.
The kobold brigand is almost dead.
You slash the orc!
You kill the orc!
You block the kobold brigand's attack. The gnoll barely misses you.
The gnoll hits you but does no damage.
You closely miss the kobold brigand.
The kobold brigand is almost dead.
The kobold brigand hits you with a +0 whip.
The gnoll hits you from afar with a +0 halberd.
The gnoll hits you from afar with a +0 spear.
You die... ...~~~.#.')..).......'....'..... ...~~~.#.#.......)...#....#..... ...~~~.#.####################### ...~~~.#......# ....... ...~~~.#......# ....... .).~~~.#.###'## go...
P..~~~.#.#....# gg.

...~~~.#.#....###)######
...~~###'#....')@K.....#
..P~~#...###############
######## ...~~#...# ..
........ ...~~#####h~~
~~~~~~~~ ...~~~~~~~~~~
~~~~~~~~ ...~~~~~h~~~~
~~~~~~~~ ...P..........
........ .....!........
........ ##############
########


You could see a kobold brigand, 3 gnolls and an orc.

Vanquished Creatures
  A black bear (D:4)
  An ogre (D:4)
  4 scorpions (Ossuary)
  A hound (D:4)
  A centaur zombie (Ossuary)
  2 human zombies (Ossuary)
  A gnoll bouda (D:4)
  An iguana (D:4)
  An orc wizard (D:4)
  6 scorpion zombies (Ossuary)
  A mummy (Ossuary)
  21 gnolls (D:4)
  4 adders
  An ufetubus (D:4)
  3 worms
  12 orcs
  5 ball pythons
  5 bats
  6 endoplasms
  4 giant cockroaches
  4 goblins
  8 hobgoblins
  15 jackals
  3 kobolds
  7 quokkas
  6 frilled lizards
  2 hobgoblin zombies (Ossuary)
  A jackal zombie (D:4)
  2 kobold zombies (Ossuary)
  An orc zombie (Ossuary)
  A rat (D:1)
131 creatures vanquished.

Notes
Turn   | Place    | Note
-------+----------+-------------------------------------------
     0 | D:1      | qw the Gargoyle Fighter began the quest for the Orb.
     0 | D:1      | Reached XP level 1. HP: 14/14 MP: 1/1
     0 | D:1      | 0 ||| qw: Version: 0.2-a-103-g5a998e5
     0 | D:1      | 0 ||| qw: Game counter: 1080
     0 | D:1      | 0 ||| qw: Always use a shield: true
     0 | D:1      | 0 ||| qw: God list: Okawaru
     0 | D:1      | 0 ||| qw: Allow faded altars: false
     0 | D:1      | 0 ||| qw: Do Orc after D:15 true
     0 | D:1      | 0 ||| qw: Do second Lair branch before Depths: true
     0 | D:1      | 0 ||| qw: Lair rune preference: random
     0 | D:1      | 0 ||| qw: Plans: Normal, Zot:1-4, Slime:5, God:TSO, Crypt,
                  | Tomb, Pan, Hells, Abyss, Win
     0 | D:1      | 0 ||| PLANNING D:1-11
    67 | D:1      | Reached skill level 2 in Axes
   138 | D:1      | HP: 3/14 [endoplasm (3)]
   278 | D:1      | Found Xeitt's Magic Scroll Shop.
   320 | D:1      | Reached XP level 2. HP: 19/19 MP: 2/2
   450 | D:1      | 450 ||| BUYING scroll of identify (26 gold).
   450 | D:1      | Bought a scroll of identify for 26 gold pieces
   450 | D:1      | 450 ||| BUYING scroll of identify (26 gold).
   450 | D:1      | Bought a scroll of identify for 26 gold pieces
  1093 | D:1      | 1093 ||| READING scroll labelled IMUBUI WILI.
  1094 | D:1      | 1094 ||| READING 3 scrolls labelled SATIVI URACS.
  1095 | D:1      | 1095 ||| READING 4 scrolls of identify.
  1095 | D:1      | 1095 ||| IDENTIFYING grey potion
  1096 | D:1      | 1096 ||| READING 3 scrolls of identify.
  1096 | D:1      | 1096 ||| IDENTIFYING black potion
  1097 | D:1      | 1097 ||| READING 2 scrolls of identify.
  1097 | D:1      | 1097 ||| IDENTIFYING smoky black potion
  1098 | D:1      | 1098 ||| DROPPING 2 scrolls of vulnerability.
  1122 | D:2      | 1122 ||| STAIRDANCE
  1129 | D:1      | Reached skill level 3 in Axes
  1129 | D:1      | Reached XP level 3. HP: 13/23 MP: 3/3
  1201 | D:2      | 1201 ||| Stepping ~*~*~tactically~*~*~ (stealth).
  1565 | D:2      | 1565 ||| Stepping ~*~*~tactically~*~*~ (stealth).
  1585 | D:2      | You fall into a shaft and drop 2 floors!
  1591 | D:4      | 1591 ||| PLANNING OSSUARY
  1644 | D:4      | Reached XP level 4. HP: 28/28 MP: 4/4
  1691 | D:4      | Found an iron altar of Okawaru.
  1695 | D:4      | Noticed an ogre
  1703 | D:4      | Killed an ogre
  1704 | D:4      | Reached skill level 4 in Axes
  1704 | D:4      | Reached XP level 5. HP: 19/32 MP: 5/5
  1709 | D:4      | 1709 ||| Stepping ~*~*~tactically~*~*~ (stealth).
  1734 | D:4      | 1734 ||| Stepping ~*~*~tactically~*~*~ (stealth).
  1736 | D:4      | 1736 ||| Stepping ~*~*~tactically~*~*~ (stealth).
  1739 | D:4      | 1739 ||| Stepping ~*~*~tactically~*~*~ (stealth).
  1740 | D:4      | 1740 ||| Stepping ~*~*~tactically~*~*~ (stealth).
  1747 | D:4      | 1747 ||| Stepping ~*~*~tactically~*~*~ (stealth).
  1748 | D:4      | 1748 ||| Stepping ~*~*~tactically~*~*~ (stealth).
  1792 | D:4      | Noticed a black bear
  1793 | D:4      | 1793 ||| Stepping ~*~*~tactically~*~*~ (stealth).
  1808 | D:4      | Killed a black bear
  1809 | D:4      | Reached skill level 5 in Axes
  1809 | D:4      | Reached XP level 6. HP: 33/37 MP: 6/6
  1884 | D:4      | 1884 ||| DROPPING +0 club.
  1954 | D:4      | Found a shadowy altar of Dithmenos.
  2013 | D:4      | Found a runed translucent gate.
  2013 | D:4      | Found a runed translucent gate.
  2013 | D:4      | Found a sand-covered staircase.
  2031 | D:4      | 2031 ||| UPGRADING to +3 ring mail.
  2041 | D:4      | 2041 ||| DROPPING +0 scale mail.
  2042 | D:4      | 2042 ||| READING scroll labelled YXZAJIALOI.
  2043 | D:4      | 2043 ||| READING scroll labelled ADDAIF XESCH.
  2044 | D:4      | 2044 ||| READING 2 scrolls labelled YRGHIR GIUSH.
  2045 | D:4      | 2045 ||| READING 3 scrolls of identify.
  2045 | D:4      | 2045 ||| IDENTIFYING pink potion
  2046 | D:4      | 2046 ||| DROPPING scroll of noise.
  2047 | D:4      | Found a runed translucent gate.
  2055 | Ossuary  | Entered an ossuary
  2080 | Ossuary  | Reached skill level 1 in Dodging
  2140 | Ossuary  | Reached skill level 6 in Axes
  2140 | Ossuary  | Reached XP level 7. HP: 43/43 MP: 7/7
  2244 | Ossuary  | Reached skill level 7 in Axes
  2266 | Ossuary  | 2266 ||| Stepping ~*~*~tactically~*~*~ (stealth).
  2340 | Ossuary  | 2340 ||| DROPPING ring of magical power.
  2342 | Ossuary  | 2342 ||| READING scroll labelled YDIEVE ROICOSCHUSA.
  2345 | Ossuary  | 2345 ||| READING 2 scrolls of identify.
  2345 | Ossuary  | 2345 ||| IDENTIFYING sedimented amethyst potion
  2346 | Ossuary  | 2346 ||| DROPPING potion of flight.
  2352 | D:4      | 2352 ||| PLANNING D:1-11
  2353 | D:4      | 2353 ||| Stepping ~*~*~tactically~*~*~ (stealth).
  2354 | D:4      | 2354 ||| Stepping ~*~*~tactically~*~*~ (stealth).
  2364 | D:4      | Noticed qw's ghost (novice GrFi)
  2506 | D:2      | 2506 ||| Stepping ~*~*~tactically~*~*~ (stealth).
  2509 | D:2      | 2509 ||| Stepping ~*~*~tactically~*~*~ (hiding).
  2947 | D:2      | 2947 ||| UPGRADING to amulet of guardian spirit.
  2952 | D:2      | 2952 ||| UPGRADING to ring of protection from fire.
  2953 | D:2      | 2953 ||| READING scroll labelled WIGI FUDUSUU.
  3399 | D:3      | 3399 ||| Stepping ~*~*~tactically~*~*~ (stealth).
  3424 | D:3      | 3424 ||| DROPPING +0 whip.
  3519 | D:3      | Found a bloodstained altar of Trog.
  3702 | D:3      | 3702 ||| UPGRADING to +2 pair of boots of stealth.
  3707 | D:3      | 3707 ||| READING scroll labelled YRHARPH AS JUCISSA.
  3735 | D:3      | 3735 ||| READING scroll labelled DEFOESOROVOU.
  3736 | D:3      | 3736 ||| READING 3 scrolls of identify.
  3736 | D:3      | 3736 ||| IDENTIFYING metallic black potion
  3737 | D:3      | 3737 ||| DROPPING potion of ambrosia.
  3749 | D:4      | Reached XP level 8. HP: 49/49 MP: 8/8
  4032 | D:4      | 4032 ||| Stepping ~*~*~tactically~*~*~ (hiding).
  4034 | D:4      | 4034 ||| Stepping ~*~*~tactically~*~*~ (hiding).
  4035 | D:4      | 4035 ||| Stepping ~*~*~tactically~*~*~ (hiding).
  4218 | D:4      | 4218 ||| READING 2 scrolls of identify.
  4218 | D:4      | 4218 ||| IDENTIFYING lumpy amethyst potion
  4414 | D:4      | 4414 ||| DROPPING potion of brilliance.
  4529 | D:4      | 4529 ||| Stepping ~*~*~tactically~*~*~ (hiding).
  4535 | D:4      | Reached skill level 8 in Axes
  4628 | D:4      | 4628 ||| Stepping ~*~*~tactically~*~*~ (stealth).
  4630 | D:4      | 4630 ||| Stepping ~*~*~tactically~*~*~ (hiding).
  4682 | D:4      | HP: 11/51 [gnoll/+0 spear (6)]
  4687 | D:4      | HP: 5/51 [kobold brigand/+0 whip (3)]
  4687 | D:4      | HP: 1/51 [gnoll/+0 halberd (4)]
  4687 | D:4      | Slain by a gnoll

Levels and vault maps discovered:
D:1:      dpeg_arrival_simpleton_b, layout_basic, serial_shops,
          nicolae_shop_tiny_waterfront, minmay_misc_feat_four_crosses,
          dk_noncrumbling_3
D:2:      layout_loops_corners, hex_tiny, roderic_lattice_a, st_stairs_1
D:3:      layout_loops_ring, general_overflow_altar
D:4:      lemuel_castle_with_subvaults [lemuel_castle_interior_carwin_1],
          layout_basic, mainiacjoe_overflow_alcove_1,
          nicolae_overflow_hidden_temple, enter_ossuary_3,
          gammafunk_ghost_necromancy

Skill      XL: |  1  2  3  4  5  6  7  8 |
---------------+-------------------------+-----
Axes           | 2 3 4 5 6 7 8 |  8.0
Dodging        | 1 |  1.4
Fighting       | 4 5 |  5.7
Armour         | |  3.2
Shields        | |  3.2

Action                     |  1- 3 |  4- 6 |  7- 9 || total
---------------------------+-------+-------+-------++-------
  Melee: War axe           |   119 |    80 |   302 ||   501
    Use: Scroll            |     5 |     4 |     7 ||    16
 Armour: Scale mail        |    71 |    29 |       ||   100
         Ring mail         |       |    12 |   156 ||   168
  Dodge: Dodged            |    60 |    39 |   161 ||   260
  Block: Buckler           |    24 |    17 |    50 ||    91

Table legend:
 A = Non-vault XP
 B = Vault XP
 C = Vault XP percentage of total XP
 D = Non-vault monster count
 E = Vault monster count
 F = Vault count percentage of total count
                 A         B        C        D         E       F
            +---------+---------+-------+---------+---------+-------
      Total |     498 |    1155 |  69.9 |      67 |      64 |  48.9
            +---------+---------+-------+---------+---------+-------
        D:1 |      25 |      16 |  39.0 |      14 |       3 |  17.6
        D:2 |      61 |       0 |   0.0 |      21 |       0 |   0.0
        D:3 |      34 |       0 |   0.0 |      15 |       0 |   0.0
        D:4 |     378 |     420 |  52.6 |      17 |      42 |  71.2
    Ossuary |       0 |     719 | 100.0 |       0 |      19 | 100.0
            +---------+---------+-------+---------+---------+-------
